Map: Lightshade LE

Players

Pacomike - Winner!

  • Race: Protoss Protoss
  • League: Grandmaster
  • Spawn Location: 5:00

eGGz

  • Race: Zerg Zerg
  • League: Grandmaster
  • Spawn Location: 11:00

Event: DreamHack SC2 Masters 2020 Winter

VOD

Have the link to the VOD?

Description

Time

  • Played on: Oct. 16, 2020, 7:18 p.m.
  • Length: 10:37

All games in this series

Show
View Real Time Build Order
Export as new Build Order

Pacomike Protoss - Winner!

Build Orders: 1 Gate Expand 

Get SALT Encoding   

  12  0:00  Probe  
  13  0:12  Probe  
  14  0:20  Pylon  
  14  0:24  Probe  
  15  0:38  Probe (Chrono Boost)  
  16  0:43  Gateway  
  17  0:50  Probe (Chrono Boost)  
  17  0:52  Assimilator  
  17  0:55  Probe (Chrono Boost)  
  18  1:04  Probe  
  19  1:16  Probe  
  20  1:26  Nexus  
  20  1:35  Cybernetics Core  
  20  1:39  Probe  
  21  1:45  Assimilator  
  21  1:51  Probe  
  22  1:55  Pylon  
  22  2:03  Probe  
  23  2:11  Adept (Chrono Boost)  
  23  2:13  Warp Gate  
  23  2:15  Probe  
  26  2:24  Twilight Council  
  26  2:27  Probe (Chrono Boost)  
  27  2:32  Stalker (Chrono Boost)  
  29  2:38  Probe (Chrono Boost)  
  31  2:45  Probe (Chrono Boost)  
  31  2:47  Probe (Chrono Boost)  
  32  2:52  Probe x2 (Chrono Boost)  
  33  3:03  Resonating Glaives (Chrono Boost)  
  33  3:04  Probe (Chrono Boost)  
  33  3:05  Probe (Chrono Boost)  
  35  3:17  Probe (Chrono Boost)  
  35  3:18  Gateway  
  37  3:21  Probe (Chrono Boost)  
  37  3:22  Probe (Chrono Boost)  
  37  3:23  Robotics Facility  
  38  3:28  Probe  
  38  3:30  Pylon  
  38  3:31  Adept (Chrono Boost), Probe  
  40  3:39  Shield Battery  
  40  3:41  Probe  
  40  3:46  Gateway  
  41  3:48  Gateway  
  41  3:51  Probe  
  42  3:58  Probe  
  42  4:00  Assimilator  
  42  4:01  Assimilator  
  43  4:03  Pylon  
  43  4:10  Warp Prism  
  43  4:14  Probe  
  46  4:18  Probe  
  46  4:23  Pylon  
  47  4:28  Adept x2  
  51  4:36  Probe  
  50  4:39  Probe  
  50  4:43  Adept x2  
  55  4:46  Observer  
  55  4:48  Probe  
  55  4:49  Robotics Bay  
  57  4:54  Adept x2  
  61  5:05  Pylon  
  61  5:07  Pylon  
  61  5:09  Pylon  
  61  5:13  Adept  
  63  5:19  Adept  
  63  5:20  Adept x2  
  67  5:45  Adept  
  67  5:46  Adept x3  
  67  5:47  Disruptor (Chrono Boost)  
  76  5:52  Gravitic Drive (Chrono Boost)  
  76  5:54  Probe  
  75  5:57  Gateway, Pylon  
  75  5:58  Gateway  
  67  6:05  Probe  
  58  6:20  Disruptor (Chrono Boost)  
  58  6:21  Pylon  
  59  6:35  Adept x4  
  65  6:47  Immortal (Chrono Boost)  
  65  6:53  Cybernetics Core  
  69  6:56  Gateway  
  69  6:57  Gateway  
  69  6:58  Pylon  
  69  7:02  Pylon  
  69  7:05  Gateway  
  68  7:14  Blink  
  68  7:16  Immortal (Chrono Boost)  
  72  7:30  Sentry x5  
  72  7:31  Sentry  
  72  7:35  Pylon  
  84  7:37  Nexus  
  84  7:49  Observer  
  85  7:53  Adept x2  
  85  7:54  Adept x3  
  85  7:55  Adept  
  95  8:01  Adept x3  
  97  8:22  Adept x7  
  97  8:23  Adept x2  
  115  8:37  Shield Battery  
  115  8:45  Adept, Sentry  
  115  8:46  Adept x4  
  127  8:51  Adept  
  127  8:53  Stalker  
  125  9:08  Adept x4  
  128  9:14  Stalker  
  129  9:22  Probe x2  
  129  9:24  Stalker x2  
  131  9:34  Probe x2  
  133  9:40  Probe  
  133  9:43  Immortal (Chrono Boost)  
  138  9:46  Probe x2  
  140  9:52  Probe  
  140  9:58  Probe  
  142  10:01  Adept x3  
  140  10:09  Stalker x3  
  134  10:35  Adept x6  
  132  10:36  Adept x3  
Show
View Real Time Build Order
Export as new Build Order

eGGz Zerg 

Build Orders: Hatch First 

Get SALT Encoding   

  12  0:00  Drone  
  13  0:12  Overlord  
  13  0:18  Drone  
  14  0:32  Drone  
  14  0:34  Drone  
  16  0:51  Drone  
  16  0:54  Hatchery  
  16  0:55  Drone  
  17  1:00  Drone  
  18  1:06  Extractor  
  17  1:14  Spawning Pool  
  16  1:19  Drone  
  16  1:21  Drone  
  18  1:28  Drone  
  19  1:47  Drone  
  19  1:49  Overlord  
  20  2:01  Queen  
  20  2:06  Drone x2  
  20  2:07  Queen  
  26  2:10  Metabolic Boost  
  26  2:12  Zergling x2  
  27  2:23  Zergling x2  
  27  2:24  Zergling x2  
  27  2:27  Drone  
  30  2:42  Zergling x2  
  32  2:51  Drone  
  32  2:57  Extractor  
  31  2:58  Drone x2  
  31  2:59  Drone  
  31  3:00  Drone  
  36  3:05  Hatchery  
  36  3:10  Overlord  
  36  3:12  Extractor, Queen  
  36  3:14  Overlord  
  37  3:31  Drone x4  
  40  3:38  Zergling x4  
  40  3:40  Lair  
  42  3:42  Drone  
  42  3:43  Roach Warren  
  42  3:45  Extractor  
  42  3:47  Zergling x6  
  43  3:48  Zergling x2  
  43  3:50  Drone  
  43  3:53  Drone  
  45  3:56  Drone  
  45  3:58  Drone  
  47  4:03  Drone  
  47  4:09  Drone  
  49  4:12  Drone  
  50  4:18  Overlord  
  50  4:25  Roach x3  
  50  4:26  Roach  
  50  4:28  Overlord  
  58  4:31  Overlord  
  58  4:34  Overlord  
  57  4:40  Glial Reconstitution  
  57  4:46  Roach x2  
  57  4:47  Roach, Zergling x6  
  57  4:50  Drone  
  67  4:54  Drone x2  
  67  4:55  Drone  
  70  5:01  Drone  
  70  5:02  Drone x2  
  73  5:08  Overlord  
  73  5:09  Spine Crawler  
  73  5:10  Roach  
  73  5:13  Roach  
  77  5:14  Roach  
  77  5:15  Zergling x2  
  77  5:19  Roach  
  81  5:21  Roach  
  78  5:30  Roach x3  
  78  5:31  Roach  
  78  5:35  Roach x2  
  85  5:43  Zergling x8  
  89  5:54  Zergling x2  
  89  5:58  Drone x2  
  89  5:59  Drone  
  89  6:01  Overseer  
  87  6:04  Drone, Overlord  
  87  6:05  Queen  
  87  6:08  Drone  
  89  6:14  Overseer  
  89  6:17  Extractor  
  89  6:18  Extractor  
  87  6:22  Roach  
  87  6:23  Overlord  
  87  6:24  Ravager  
  90  6:27  Zergling x10  
  90  6:28  Zergling x2  
  90  6:29  Drone  
  96  6:41  Overlord  
  96  6:42  Overlord  
  96  6:44  Roach x4  
  100  6:53  Drone  
  100  6:54  Drone x2  
  89  6:57  Drone  
  89  6:59  Evolution Chamber  
  89  7:04  Drone x2  
  91  7:14  Drone x2  
  93  7:17  Zergling x4  
  93  7:21  Zergling x2  
  96  7:25  Hatchery  
  96  7:27  Drone  
  96  7:28  Drone  
  97  7:31  Drone x3  
  100  7:39  Roach x3  
  100  7:41  Drone  
  100  7:42  Drone x2  
  105  7:48  Roach  
  105  7:52  Roach  
  105  7:53  Roach  
  105  7:58  Roach  
  108  8:00  Roach x2  
  108  8:01  Roach x2  
  112  8:08  Drone x2  
  112  8:11  Extractor  
  112  8:12  Drone x2, Extractor  
  113  8:13  Infestation Pit  
  101  8:21  Roach x5  
  101  8:23  Roach  
  101  8:25  Ravager x2  
  101  8:26  Zergling x2, Ravager  
  101  8:27  Zergling x2  
  110  8:31  Zergling x2  
  110  8:32  Zergling x4  
  113  8:38  Roach x3  
  119  8:42  Zergling x2  
  119  8:44  Overlord  
  119  8:45  Overlord x5  
  118  8:49  Overlord  
  118  8:51  Overlord  
  118  8:52  Overlord  
  118  8:53  Ravager  
  119  8:58  Roach x2  
  119  9:02  Roach x3  
  105  9:11  Roach x5  
  105  9:14  Drone x2  
  105  9:16  Ravager  
  117  9:20  Roach  
  117  9:21  Roach  
  117  9:22  Ravager  
  117  9:23  Ravager  
  117  9:27  Roach  
  117  9:28  Drone x2  
  115  9:33  Drone  
  115  9:34  Drone x2  
  115  9:37  Drone  
  115  9:38  Drone x2  
  119  9:50  Roach x4  
  123  9:57  Roach  
  123  9:58  Roach x3  
  111  10:08  Roach x5  
  107  10:14  Roach x4  
  107  10:17  Roach  
Tags
 
Add a new tag
Caveats
  • Supply blocks, unpowered buildings, or Contaminate may cause inaccurate times.
  • Supply counts are checked every 10 seconds.